 Dungeon Crawl Stone Soup version 0.29-a0-1027-gcd8c55af63 (webtiles) character file.

Game seed: 5458490200652462203

79 ytrimaz the Chopper (level 4, -1/35 HPs)
             Began as a Demonspawn Berserker on Aug 14, 2022.
             Was a Follower of Trog.
             Killed by an exploding hobgoblin (36 damage)
             ... ignited by their inner flame
             ... on level 2 of the Dungeon.
             The game lasted 00:01:42 (1855 turns).

ytrimaz the Chopper (Demonspawn Berserker)          Turns: 1855, Time: 00:01:43

Health: -1/35      AC:  3    Str: 19    XL:     4   Next: 16%
Magic:  4/4        EV: 12    Int:  8    God:    Trog [*.....]
Gold:   28         SH:  0    Dex: 13    Spells: 3/3 levels left

rFire   . . .      SeeInvis +   a - +0 hand axe
rCold   . . .      Faith    .   (no shield)
rNeg    . . .      Spirit   .   b - +1 animal skin
rPois   .          Reflect  .   (helmet restricted)
rElec   .          Harm     .   (no cloak)
rCorr   .          Rampage  .   (no gloves)
Will    .....                   (no boots)
Stlth   +.........              (no amulet)
HPRegen 1.11/turn               d - ring of see invisible
MPRegen 0.09/turn               (no ring)

@: no status effects
A: horns 1, powered by death 1
a: Renounce Religion, Berserk


You were on level 2 of the Dungeon.
You worshipped Trog.
Trog was aware of your devotion.
You visited 1 branch of the dungeon, and saw 2 of its levels.

You collected 28 gold pieces.

Inventory:

Hand Weapons
 a - a +0 hand axe (weapon)
Armour
 b - a +1 animal skin (worn)
Jewellery
 d - a ring of see invisible (left hand)
 n - a ring of magical power
Scrolls
 i - a scroll of teleportation
Potions
 e - a potion of heal wounds {unknown}
 j - 2 potions of ambrosia
 m - a potion of curing {unknown}


   Skills:
 - Level 3.0 Fighting
 + Level 4.6 Axes
 - Level 1.7 Armour
 - Level 1.7 Dodging


You had 3 spell levels left.
You didn't know any spells.
Your spell library was empty.

Dungeon Overview and Level Annotations

Branches:
Dungeon (2/15)

Altars:

Shops:
D:1 :


Innate Abilities, Weirdness & Mutations

You have a pair of small horns on your head.
You regenerate a little health from kills.


Message History

You hit the quokka.
You kill the quokka!
Trog accepts your kill.
Found a stone staircase leading up.
n - a ring of magical power Blink to where?
Press: ? - help, Dir - move target, f - you Are you sure you want to cancel this blink?
Okay, then.
As you read the scroll labelled FEL YT CAOPEDEES, it crumbles to dust.
It was a scroll of blinking.
As you read the scroll labelled UPYPYCVUCKE, it crumbles to dust.
It is a scroll of identify.
g - a potion of degeneration
As you read the scroll of identify, it crumbles to dust.
j - 2 potions of ambrosia You drop a potion of degeneration.
As you read the scroll labelled LUBAIN ZAXEY, it crumbles to dust.
You hear the tinkle of a tiny bell.
It was a scroll of butterflies.
Unknown command.
As you read the scroll labelled HIBOUB QOZYX, it crumbles to dust.
You feel strangely unstable.
It was a scroll of teleportation.
Unknown command.
You start waiting.
Your surroundings suddenly seem different.
A hobgoblin comes into view.
A hobgoblin is nearby!
As you read the scroll labelled ZIUDIZI LIHE, it crumbles to dust.
It is a scroll of enchant armour.
Your +0 animal skin glows green for a moment.
As you read the scroll labelled ZISKUT IHAENE, it crumbles to dust.
The creatures around you are filled with an inner flame!
It was a scroll of immolation.
Unknown command.
You closely miss the hobgoblin. You headbutt the hobgoblin.
Trog accepts your kill.
The hobgoblin explodes!
The fiery explosion engulfs you!!!
Ouch! That really hurt!
You die...

#### ###### §..
.....# ########.#
.....## ##......@§#
......###..########
..........######
.....###.........
#######..########
#..## ##.##
###÷.### #......#


There were no monsters in sight!

Vanquished Creatures
  5 adders (D:2)
  A worm (D:2)
  A dart slug (D:1)
  2 ball pythons
  2 endoplasms (D:2)
  A goblin (D:1)
  7 hobgoblins
  3 jackals
  A quokka (D:2)
  A frilled lizard (D:1)
  2 kobolds
  3 rats
29 creatures vanquished.

Notes
Turn   | Place    | Note
-------+----------+-------------------------------------------
     0 | D:1      | ytrimaz the Demonspawn Berserker began the quest for the
                  | Orb.
     0 | D:1      | Reached XP level 1. HP: 18/18 MP: 1/1
   155 | D:1      | Found Omnuug's Book Emporium.
   419 | D:1      | Reached skill level 3 in Axes
   517 | D:1      | Gained mutation: You have a pair of small horns on your
                  | head. [demonic ancestry]
   517 | D:1      | Reached XP level 2. HP: 19/24 MP: 2/2
  1004 | D:1      | Found a faded altar of an unknown god.
  1197 | D:2      | Gained mutation: You regenerate a little health from kills.
                  | [demonic ancestry]
  1197 | D:2      | Reached XP level 3. HP: 22/29 MP: 3/3
  1199 | D:2      | Reached skill level 4 in Axes
  1642 | D:2      | Reached XP level 4. HP: 29/35 MP: 4/4
  1855 | D:2      | Killed by an exploding hobgoblin... ignited by their inner
                  | flame

Illustrated notes

Levels and vault maps discovered:
D:1:      dpeg_arrival_houses_and_road, layout_loops_ring,
          dreamdust_ecumenical_altar_hidden_monk_grotto, serial_shops, shop,
          serial_bayou_ford_a
D:2:      minmay_alternating_diamond, layout_rooms, uniq_robin

Skill      XL: |  1  2  3 |
---------------+----------+-----
Axes           | 3 4 |  4.6
Fighting       | |  3.0
Armour         | |  1.7
Dodging        | |  1.7

Action                   |  1- 3 |  4- 6 || total
-------------------------+-------+-------++-------
Melee: Hand axe          |    74 |    12 ||    86
       Headbutt          |     3 |     5 ||     8
Invok: Berserk           |     2 |       ||     2
  Use: Potion            |     1 |       ||     1
       Scroll            |       |     7 ||     7
 Stab: Sleeping          |     2 |     1 ||     3
Armor: Animal skin       |    14 |     3 ||    17
       Skin              |     4 |       ||     4
Dodge: Dodged            |    63 |     6 ||    69

Table legend: (Time is in decaauts)
 A = Elapsed time spent in this place.
 B = Non-inter-level travel time spent in this place.
 C = Inter-level travel time spent in this place.
 D = Time resting spent in this place.
 E = Time spent auto-exploring this place.
 F = Levels seen in this place.
 G = Mean time per level.
                   A        B        C        D        E       F      G
               +--------+--------+--------+--------+--------+-----+--------+
         Total |   1893 |   1854 |     39 |     63 |   1544 |   2 |  946.5 |
       Dungeon |   1893 |   1854 |     39 |     63 |   1544 |   2 |  946.5 |
               +--------+--------+--------+--------+--------+-----+--------+

Top non-repeatable levels by time:
     D:1: 1201 daAuts
     D:2: 692 daAuts
